 Dungeon Crawl Stone Soup version bcrawl-1.21.3-2-g9d8a61a446 (webtiles) character file.

Game seed: 11469113657809327136

684 Freyura the Skirmisher (level 7, 0/63 HPs)
             Began as a Hill Orc Fighter on Apr 23, 2020.
             Was a Follower of Qazlal.
             Slain by a crimson imp
             ... wielding a +0 trident
              (3 damage)
             ... on level 4 of the Dungeon on Apr 24, 2020.
             The game lasted 00:10:54 (4073 turns).

Freyura the Skirmisher (Hill Orc Fighter)           Turns: 4073, Time: 00:10:55

Health: 0/63       AC:  9    Str: 19      XL:     7   Next: 62%
Magic:  18/18      EV:  7    Int:  7 (8)  God:    Qazlal [*.....]
Gold:   316        SH: 11    Dex: 11 (12) Spells: 6/6 levels left

rFire    . . .     SeeInvis .   a - +1 flail
rCold    . . .     Gourm    .   c - +0 medium shield
rNeg     . . .     Faith    .   b - +0 scale mail
rPois    .         Spirit   .   (no helmet)
rElec    .         Reflect  .   (no cloak)
rCorr    .         Harm     .   i - +1 pair of gloves (curse)
MR       .....                  (no boots)
Stlth    ..........             (no amulet)
HPRegen  0.20/turn              g - ring of magical power
MPRegen  0.16/turn              (no ring)

@: no status effects
A: claws 1, MP-powered wands
a: Renounce Religion


You were on level 4 of the Dungeon.
You worshipped Qazlal.
Qazlal was aware of your devotion.
You were not hungry.

You visited 1 branch of the dungeon, and saw 4 of its levels.

You collected 316 gold pieces.

Inventory:

Hand Weapons
 a - a +1 flail (weapon)
Armour
 b - a +0 scale mail (worn)
 c - a +0 medium shield (worn)
 i - a cursed +1 pair of gloves (worn)
 l - a +0 chain mail
Jewellery
 g - a ring of magical power (left hand)
Scrolls
 f - 2 scrolls of identify
 j - a scroll of teleportation
 o - 2 scrolls of remove curse {unknown}
Potions
 h - a potion of heal wounds
 k - a potion of haste {unknown}
Comestibles
 d - 3 chunks of flesh
 e - 7 rations {!d}


   Skills:
 * Level 6.1 Fighting
   Level 6.1 Short Blades
   Level 6.1 Long Blades
   Level 6.1 Axes
   Level 6.1 Maces & Flails
   Level 6.1 Polearms
   Level 6.1 Staves
 + Level 5.2 Armour
 + Level 5.1 Shields
   Level 6.1 Unarmed Combat
 + Level 3.7 Invocations


You had 6 spell levels left.
You didn't know any spells.
Your spell library was empty.

Dungeon Overview and Level Annotations

Branches:
Dungeon (4/12)
 Temple: D:4-7

Altars:
Cheibriados
Dithmenos
Fedhas
Gozag
Hepliaklqana
Kikubaaqudgha
Lugonu
Makhleb
Nemelex Xobeh
Qazlal
Trog
Vehumet
Yredelemnul

Shops:
D:4 :


Innate Abilities, Weirdness & Mutations

You have sharp fingernails.
You expend magic power (3 MP) to strengthen your wands.


Message History

You sock the orc!
You kill the orc!
Qazlal accepts your kill. You block the crimson imp's attack.
Things that are here:
a +0 mace; a +0 chain mail The crimson imp barely misses you.
Things that are here:
a +0 dagger; a +0 robe You hit the crimson imp.
The crimson imp is moderately wounded.
The crimson imp closely misses you.
You closely miss the crimson imp.
The crimson imp is moderately wounded.
The crimson imp hits you but does no damage.
You completely miss the crimson imp.
The crimson imp is lightly wounded.
The crimson imp blinks!
The crimson imp hits you from afar with a +0 trident.
You die...

.< .. # .## ..# ..
.. ...###.## #..##
#......#### .....
#.#°...###....
#.))##........
###.@###...# ##
##......#
#.######.5.[#)##
..#.........)#
##...###.####....#
#...####.# .##.#
#.<#....# .. .#
... ##...##### #..
#.. #........# ...


You could see a crimson imp.

Vanquished Creatures
  An ogre (D:2)
  A scorpion (D:4)
  A howler monkey (D:4)
  A crimson imp (D:4)
  3 orc priests
  An iguana (D:4)
  Natasha (thrice) (D:3)
  2 orc wizards (D:4)
  A worker ant (D:4)
  7 adders
  4 gnolls (D:3)
  An ooze (D:2)
  A worm (D:2)
  3 dart slugs
  5 leopard geckos
  10 orcs
  2 giant cockroaches
  7 goblins
  9 hobgoblins
  10 jackals
  A quokka (D:3)
  3 ball pythons
  3 bats
  5 frilled lizards
  10 kobolds
  7 rats
102 creatures vanquished.

Notes
Turn   | Place    | Note
-------+----------+-------------------------------------------
     0 | D:1      | Freyura the Hill Orc Fighter began the quest for the Orb.
     0 | D:1      | Reached XP level 1. HP: 20/20 MP: 1/1
    63 | D:1      | Reached XP level 2. HP: 22/27 MP: 2/2
   410 | D:1      | Reached XP level 3. HP: 30/34 MP: 3/3
   855 | D:1      | Found a hazy altar of Hepliaklqana.
  1431 | D:2      | Found a sparkling altar of Nemelex Xobeh.
  1434 | D:2      | Found a radiant altar of Vehumet.
  1440 | D:2      | Found a snail-covered altar of Cheibriados.
  1446 | D:2      | Found a blossoming altar of Fedhas.
  1447 | D:2      | Found a bloodstained altar of Trog.
  1447 | D:2      | Found a basalt altar of Yredelemnul.
  1447 | D:2      | Found an ancient bone altar of Kikubaaqudgha.
  1447 | D:2      | Found a shadowy altar of Dithmenos.
  1448 | D:2      | Found a stormy altar of Qazlal.
  1449 | D:2      | Found an opulent altar of Gozag.
  1450 | D:2      | Found a hazy altar of Hepliaklqana.
  1451 | D:2      | Found a corrupted altar of Lugonu.
  1452 | D:2      | Found a burning altar of Makhleb.
  1460 | D:2      | Became a worshipper of Qazlal Stormbringer
  1537 | D:2      | Noticed an ogre
  1548 | D:2      | Killed an ogre
  1548 | D:2      | Reached skill level 5 in Fighting
  1548 | D:2      | Reached skill level 1 in Invocations
  1548 | D:2      | Reached XP level 4. HP: 35/42 MP: 3/5
  1548 | D:2      | Reached XP level 5. HP: 40/48 MP: 3/6
  2290 | D:3      | Gained mutation: Your body sometimes deteriorates upon
                  | taking damage. [potion of mutation]
  2290 | D:3      | Gained mutation: You are somewhat resistant to further
                  | mutation. [potion of mutation]
  2530 | D:3      | Noticed Natasha
  2538 | D:3      | Killed Natasha
  2586 | D:3      | Reached * piety under Qazlal
  2631 | D:3      | Noticed Natasha
  2650 | D:3      | Killed Natasha
  2650 | D:3      | Reached XP level 6. HP: 15/56 MP: 7/7
  2927 | D:3      | Noticed Natasha
  2936 | D:3      | Killed Natasha
  2941 | D:3      | Lost mutation: Your body sometimes deteriorates upon taking
                  | damage. [potion of mutation]
  2941 | D:3      | Lost mutation: You are somewhat resistant to further
                  | mutation. [potion of mutation]
  2941 | D:3      | Gained mutation: You have sharp fingernails. [potion of
                  | mutation]
  2941 | D:3      | Gained mutation: You expend magic power (3 MP) to
                  | strengthen your wands. [potion of mutation]
  3717 | D:4      | Found Itom Ota's Book Shop.
  3882 | D:4      | Reached XP level 7. HP: 42/62 MP: 9/9
  4026 | D:4      | Reached skill level 5 in Armour
  4030 | D:4      | Reached skill level 5 in Shields
  4051 | D:4      | Reached skill level 6 in Fighting
  4062 | D:4      | HP: 2/63 [orc/+0 mace (5)]
  4073 | D:4      | Slain by a crimson imp

Skill      XL: |  1  2  3  4  5  6  7 |
---------------+----------------------+-----
Fighting       | 5 6 |  6.1
Armour         | 4 5 |  5.2
Shields        | 4 5 |  5.1
Invocations    | 1 2 3 |  3.7
Short Blades   | |  6.1
Long Blades    | |  6.1
Axes           | |  6.1
Maces & Flails | |  6.1
Polearms       | |  6.1
Staves         | |  6.1
Unarmed Combat | |  6.1

Action                   |  1- 3 |  4- 6 |  7- 9 || total
-------------------------+-------+-------+-------++-------
Melee: Flail             |   172 |   241 |    50 ||   463
  Use: Potion            |     1 |     4 |       ||     5
       Scroll            |       |     6 |       ||     6
  Eat: Chunk             |     2 |     8 |     1 ||    11
Armor: Scale mail        |   107 |   119 |    22 ||   248
Dodge: Dodged            |    80 |    79 |    16 ||   175
Block: Medium shield     |   124 |   146 |    29 ||   299
